TOP OF THE 1ST |
Greenville 84s batting - Pitching for Los Cabos Cartel : RHP Marty Burgess
|
Pitching: RHP Marty Burgess
|
|
Batting: RHB Carlos Torres
|
0-0: Bunt missed! 0-1: Ball 1-1: Swinging Strike 1-2: Ball 2-2: Ball 3-2: Foul Ball, location: 2F 3-2: Base on Balls
|
Batting: LHB Chris Moore
|
0-0: Ball 1-0: Ball Carlos Torres steals 2nd base 2-0: Ball Wild Pitch! Carlos Torres to third 3-0: Called Strike 3-1: Base on Balls
|
Batting: RHB Enzo Díaz
|
0-0: Ball 1-0: Fly out, F3 (Line Drive, 3S) 1-0: Lined into DP, U3 (Line Drive, 3S)
|
Batting: LHB Jimmy Vickers
|
0-0: Called Strike 0-1: Foul Ball, location: 2F 0-2: Strikes out looking
|
Top of the 1st over - 0 run(s), 0 hit(s), 0 error(s), 1 left on base; Greenville 0 - Los Cabos 0 |
BOTTOM OF THE 1ST |
Los Cabos Cartel batting - Pitching for Greenville 84s : LHP Eduardo Trujillo
|
Pitching: LHP Eduardo Trujillo
|
|
Batting: RHB Dan Mason
|
0-0: Ball 1-0: Called Strike 1-1: SINGLE (Groundball, 34D)
|
Batting: RHB Oliver Hernández
|
0-0: Ball 1-0: Called Strike 1-1: Ball 2-1: Ground out 3-1 (Groundball, 34S) Dan Mason to second
|
Batting: SHB Julián Madrid
|
0-0: Ball 1-0: Foul Ball, location: 2F 1-1: Ball 2-1: Called Strike 2-2: Hit by Pitch
|
Batting: LHB José Rivas
|
0-0: Ball 1-0: Grounds into double play, 1-6-3 (Groundball, 15)
|
Bottom of the 1st over - 0 run(s), 1 hit(s), 0 error(s), 1 left on base; Greenville 0 - Los Cabos 0 |
TOP OF THE 2ND |
Greenville 84s batting - Pitching for Los Cabos Cartel : RHP Marty Burgess
|
Batting: LHB Paco Rosas
|
0-0: Swinging Strike 0-1: Ball 1-1: Foul Ball, location: 2F 1-2: Strikes out looking
|
Batting: LHB Kiyonaga Morita
|
0-0: Called Strike 0-1: Ball 1-1: Ball 2-1: Swinging Strike 2-2: Strikes out looking
|
Batting: LHB Vicente Bueno
|
0-0: Ball 1-0: Called Strike 1-1: Foul Ball, location: 2F 1-2: Strikes out swinging
|
Top of the 2nd over - 0 run(s), 0 hit(s), 0 error(s), 0 left on base; Greenville 0 - Los Cabos 0 |
BOTTOM OF THE 2ND |
Los Cabos Cartel batting - Pitching for Greenville 84s : LHP Eduardo Trujillo
|
Batting: RHB Oliver Lugo
|
0-0: Fly out, F7 (Flyball, 78S)
|
Batting: LHB Luis González
|
0-0: DOUBLE (Flyball, 8LXD)
|
Batting: LHB Manny Quiñones
|
0-0: Called Strike 0-1: Swinging Strike 0-2: Ball 1-2: Foul Ball, location: 2F 1-2: Fly out, F9 (Flyball, 89D) Runner from 2nd tags up, SAFE at 3rd, no throw
|
Batting: RHB Stephen Wilson
|
0-0: Ball 1-0: Fly out, F9 (Flyball, 89XD)
|
Bottom of the 2nd over - 0 run(s), 1 hit(s), 0 error(s), 1 left on base; Greenville 0 - Los Cabos 0 |
TOP OF THE 3RD |
Greenville 84s batting - Pitching for Los Cabos Cartel : RHP Marty Burgess
|
Batting: LHB Al Mills
|
0-0: Called Strike 0-1: Called Strike 0-2: Foul Ball, location: 2F 0-2: Ball 1-2: Foul Ball, location: 2F 1-2: Ball 2-2: Fly out, F7 (Flyball, 7S)
|
Batting: LHB Mario Cornelo
|
0-0: Swinging Strike 0-1: Ball 1-1: Ball 2-1: Foul Ball, location: 2F 2-2: Ball 3-2: Foul Ball, location: 2F 3-2: Foul Ball, location: 2F 3-2: Strikes out swinging
|
Batting: RHB Carlos Torres
|
0-0: Ball 1-0: DOUBLE (Flyball, 89XD)
|
Batting: LHB Chris Moore
|
0-0: Called Strike 0-1: Ball 1-1: Foul Ball, location: 2F 1-2: 2-RUN HOME RUN (Flyball, 9LD), Distance : 346 ft
|
Batting: RHB Enzo Díaz
|
0-0: Foul Ball, location: 2F 0-1: Ball 1-1: Swinging Strike 1-2: Ball 2-2: Foul Ball, location: 2F 2-2: Foul Ball, location: 2F 2-2: Ground out 1-3 (Groundball, 13)
|
Top of the 3rd over - 2 run(s), 2 hit(s), 0 error(s), 0 left on base; Greenville 2 - Los Cabos 0 |
BOTTOM OF THE 3RD |
Los Cabos Cartel batting - Pitching for Greenville 84s : LHP Eduardo Trujillo
|
Batting: LHB Marc Brown
|
0-0: SINGLE (Line Drive, 4MD)
|
Batting: RHB Dan Mason
|
0-0: DOUBLE (Groundball, 5L) Marc Brown to third
|
Batting: RHB Oliver Hernández
|
0-0: Called Strike 0-1: Ground out 5-3 (Groundball, 5L)
|
Batting: SHB Julián Madrid
|
0-0: Ball 1-0: Ball 2-0: Fly out, F9 (Flyball, 9M) Runner from 3rd tags up, SCORES, no throw
|
Batting: LHB José Rivas
|
0-0: Ball 1-0: Called Strike 1-1: Called Strike 1-2: Ball 2-2: Strikes out swinging
|
Bottom of the 3rd over - 1 run(s), 2 hit(s), 0 error(s), 1 left on base; Greenville 2 - Los Cabos 1 |
TOP OF THE 4TH |
Greenville 84s batting - Pitching for Los Cabos Cartel : RHP Marty Burgess
|
Batting: LHB Jimmy Vickers
|
0-0: SOLO HOME RUN (Flyball, 9LD), Distance : 361 ft
|
Batting: LHB Paco Rosas
|
0-0: Ball 1-0: Ball 2-0: Ball 3-0: Called Strike 3-1: Foul Ball, location: 2F 3-2: Foul Ball, location: 2F 3-2: Ground out 4-3 (Groundball, 4M)
|
Batting: LHB Kiyonaga Morita
|
0-0: Ball 1-0: Foul Ball, location: 2F 1-1: Swinging Strike 1-2: Foul Ball, location: 2F 1-2: Strikes out swinging
|
Batting: LHB Vicente Bueno
|
0-0: Foul Ball, location: 2F 0-1: Ball 1-1: Ball 2-1: Called Strike 2-2: Foul Ball, location: 2F 2-2: Ball 3-2: Strikes out swinging
|
Top of the 4th over - 1 run(s), 1 hit(s), 0 error(s), 0 left on base; Greenville 3 - Los Cabos 1 |
BOTTOM OF THE 4TH |
Los Cabos Cartel batting - Pitching for Greenville 84s : LHP Eduardo Trujillo
|
Batting: RHB Oliver Lugo
|
0-0: Ground out 1-3 (Groundball, 25)
|
Batting: LHB Luis González
|
0-0: Ball 1-0: Foul Ball, location: 2F 1-1: Ball 2-1: Ground out 4-3 (Groundball, 4)
|
Batting: LHB Manny Quiñones
|
0-0: Ball 1-0: Swinging Strike 1-1: Ball 2-1: Ground out 4-3 (Groundball, 4)
|
Bottom of the 4th over - 0 run(s), 0 hit(s), 0 error(s), 0 left on base; Greenville 3 - Los Cabos 1 |
TOP OF THE 5TH |
Greenville 84s batting - Pitching for Los Cabos Cartel : RHP Marty Burgess
|
Batting: LHB Al Mills
|
0-0: Ball 1-0: Called Strike 1-1: Swinging Strike 1-2: Ball 2-2: SINGLE (Line Drive, 8LS)
|
Batting: LHB Mario Cornelo
|
0-0: Swinging Strike 0-1: SINGLE (Line Drive, 5D) Al Mills to second
|
Batting: RHB Carlos Torres
|
0-0: Called Strike 0-1: Grounds into double play, 6-4-3 (Groundball, 6) Al Mills to third
|
Batting: LHB Chris Moore
|
0-0: Ball 1-0: Ball 2-0: Swinging Strike 2-1: Foul Ball, location: 2F 2-2: Ball 3-2: Foul Ball, location: 2F 3-2: Ground out 3-1 (Groundball, 3)
|
Top of the 5th over - 0 run(s), 2 hit(s), 0 error(s), 1 left on base; Greenville 3 - Los Cabos 1 |
BOTTOM OF THE 5TH |
Los Cabos Cartel batting - Pitching for Greenville 84s : LHP Eduardo Trujillo
|
Batting: RHB Stephen Wilson
|
0-0: Ground out 5-3 (Groundball, 5S)
|
Batting: LHB Marc Brown
|
0-0: Ground out 4-3 (Groundball, 4S)
|
Batting: RHB Dan Mason
|
0-0: Foul Ball, location: 2F 0-1: Ball 1-1: Ball 2-1: Ball 3-1: Foul Ball, location: 2F 3-2: Foul Ball, location: 2F 3-2: Foul Ball, location: 2F 3-2: Foul Ball, location: 2F 3-2: Strikes out looking
|
Bottom of the 5th over - 0 run(s), 0 hit(s), 0 error(s), 0 left on base; Greenville 3 - Los Cabos 1 |
TOP OF THE 6TH |
Greenville 84s batting - Pitching for Los Cabos Cartel : RHP Marty Burgess
|
Pitching: RHP Jorge Jiménez
|
|
Batting: RHB Enzo Díaz
|
0-0: Ball 1-0: Called Strike 1-1: Called Strike 1-2: Strikes out looking
|
Batting: LHB Jimmy Vickers
|
0-0: Fly out, F9 (Flyball, 9M)
|
Batting: LHB Paco Rosas
|
0-0: Ball 1-0: Called Strike 1-1: Ball 2-1: SINGLE (Flyball, 89S)
|
Batting: LHB Kiyonaga Morita
|
0-0: Swinging Strike 0-1: Called Strike 0-2: Hit by Pitch Paco Rosas to second
|
Pinch Runner at 1st Luis Zúñiga:
|
|
Batting: LHB Vicente Bueno
|
0-0: Called Strike 0-1: SINGLE (Groundball, 3L) Paco Rosas to third Luis Zúñiga to second Runner from 3rd tries for Home, SAFE, no throw or cutoff
|
Batting: LHB Al Mills
|
0-0: Foul Ball, location: 2F 0-1: Ball 1-1: Swinging Strike 1-2: Ball 2-2: Foul Ball, location: 2F 2-2: Strikes out looking
|
Top of the 6th over - 1 run(s), 2 hit(s), 0 error(s), 2 left on base; Greenville 4 - Los Cabos 1 |
BOTTOM OF THE 6TH |
Los Cabos Cartel batting - Pitching for Greenville 84s : LHP Eduardo Trujillo
|
Now at 1B: Luis Zúñiga
|
|
Batting: RHB Oliver Hernández
|
0-0: Swinging Strike 0-1: Swinging Strike 0-2: Ball 1-2: Ground out 5-3 (Groundball, 5)
|
Batting: SHB Julián Madrid
|
0-0: Called Strike 0-1: Foul Ball, location: 2F 0-2: Ball 1-2: Ball 2-2: Ball 3-2: Fly out, F2 (Popup, 2R)
|
Batting: LHB José Rivas
|
0-0: Called Strike 0-1: DOUBLE (Groundball, 5L)
|
Batting: RHB Oliver Lugo
|
0-0: Ball 1-0: SINGLE (Line Drive, 8LS) José Rivas to third Runner from 3rd tries for Home, SAFE, no throw or cutoff
|
Batting: LHB Luis González
|
0-0: Ball 1-0: Called Strike 1-1: Ball 2-1: Ground out 3-1 (Groundball, 34S)
|
Bottom of the 6th over - 1 run(s), 2 hit(s), 0 error(s), 1 left on base; Greenville 4 - Los Cabos 2 |
TOP OF THE 7TH |
Greenville 84s batting - Pitching for Los Cabos Cartel : RHP Jorge Jiménez
|
Batting: LHB Mario Cornelo
|
0-0: Ground out 1-3 (Groundball, 15)
|
Batting: RHB Carlos Torres
|
0-0: Ball 1-0: Called Strike 1-1: Ground out 6-3 (Groundball, 56)
|
Batting: LHB Chris Moore
|
0-0: Ball 1-0: Foul Ball, location: 2F 1-1: SOLO HOME RUN (Flyball, 9D), Distance : 398 ft
|
Batting: RHB Enzo Díaz
|
0-0: Ball 1-0: Ball 2-0: Ball 3-0: Called Strike 3-1: Base on Balls
|
Batting: LHB Jimmy Vickers
|
0-0: Called Strike 0-1: Swinging Strike 0-2: Ball 1-2: Strikes out looking
|
Top of the 7th over - 1 run(s), 1 hit(s), 0 error(s), 1 left on base; Greenville 5 - Los Cabos 2 |
BOTTOM OF THE 7TH |
Los Cabos Cartel batting - Pitching for Greenville 84s : LHP Eduardo Trujillo
|
Batting: LHB Manny Quiñones
|
0-0: Ball 1-0: Called Strike 1-1: Reaches on Catchers interference
|
Batting: RHB Stephen Wilson
|
0-0: Called Strike 0-1: Ball 1-1: Foul Ball, location: 2F 1-2: Ball 2-2: Strikes out swinging
|
Pitching: LHP Manuel Herrera
|
|
Batting: LHB Marc Brown
|
0-0: Called Strike 0-1: Ball 1-1: Foul Ball, location: 2F 1-2: Strikes out swinging
|
Batting: RHB Dan Mason
|
0-0: Ball 1-0: Ball 2-0: Called Strike 2-1: Swinging Strike 2-2: Ball 3-2: Strikes out looking
|
Bottom of the 7th over - 0 run(s), 0 hit(s), 1 error(s), 1 left on base; Greenville 5 - Los Cabos 2 |
TOP OF THE 8TH |
Greenville 84s batting - Pitching for Los Cabos Cartel : RHP Jorge Jiménez
|
Pitching: LHP José Santana
|
|
Batting: LHB Paco Rosas
|
0-0: Ball 1-0: Ground out 4-3 (Groundball, 4MS)
|
Batting: LHB Luis Zúñiga
|
0-0: Ball 1-0: Foul Ball, location: 2F 1-1: Ball 2-1: Ground out 4-3 (Groundball, 4)
|
Batting: LHB Vicente Bueno
|
0-0: Ground out 4-3 (Groundball, 4)
|
Top of the 8th over - 0 run(s), 0 hit(s), 0 error(s), 0 left on base; Greenville 5 - Los Cabos 2 |
BOTTOM OF THE 8TH |
Los Cabos Cartel batting - Pitching for Greenville 84s : LHP Manuel Herrera
|
Batting: RHB Oliver Hernández
|
0-0: Ball 1-0: Ball 2-0: Called Strike 2-1: Called Strike 2-2: Strikes out looking
|
Batting: SHB Julián Madrid
|
0-0: Called Strike 0-1: Ground out 4-3 (Groundball, 34)
|
Batting: LHB José Rivas
|
0-0: Ball 1-0: Ball 2-0: Ball 3-0: Base on Balls
|
Pitching: RHP Pierre Deschênes
|
|
Batting: RHB Oliver Lugo
|
0-0: Called Strike 0-1: Ball 1-1: Called Strike 1-2: Ground out 4-3 (Groundball, 4)
|
Bottom of the 8th over - 0 run(s), 0 hit(s), 0 error(s), 1 left on base; Greenville 5 - Los Cabos 2 |
TOP OF THE 9TH |
Greenville 84s batting - Pitching for Los Cabos Cartel : LHP José Santana
|
Pitching: RHP Juan Nieto
|
|
Batting: LHB Al Mills
|
0-0: Swinging Strike 0-1: Called Strike 0-2: Ground out 4-3 (Groundball, 4)
|
Batting: LHB Mario Cornelo
|
0-0: Ball 1-0: Called Strike 1-1: Ball 2-1: Swinging Strike 2-2: Strikes out swinging
|
Batting: RHB Carlos Torres
|
0-0: Foul Ball, location: 2F 0-1: Swinging Strike 0-2: Ball 1-2: Ball 2-2: Ball 3-2: Ground out 3-1 (Groundball, 34S)
|
Top of the 9th over - 0 run(s), 0 hit(s), 0 error(s), 0 left on base; Greenville 5 - Los Cabos 2 |
BOTTOM OF THE 9TH |
Los Cabos Cartel batting - Pitching for Greenville 84s : RHP Pierre Deschênes
|
Pitching: LHP Francisco Ríos
|
|
Batting: LHB Luis González
|
0-0: SOLO HOME RUN (Line Drive, 9D), Distance : 408 ft
|
Batting: LHB Manny Quiñones
|
0-0: Foul Ball, location: 2F 0-1: Fly out, F7 (Flyball, 7LD)
|
Batting: RHB Stephen Wilson
|
0-0: Ball 1-0: Ball 2-0: Called Strike 2-1: Ball 3-1: Foul Ball, location: 2F 3-2: Base on Balls
|
Batting: LHB Marc Brown
|
0-0: Ball 1-0: Ball 2-0: Ball 3-0: Called Strike 3-1: SINGLE (Line Drive, 9LS) Stephen Wilson to second
|
Batting: RHB Dan Mason
|
0-0: Swinging Strike 0-1: Called Strike 0-2: Grounds into double play, 1-6-3 (Groundball, 23)
|
Bottom of the 9th over - 1 run(s), 2 hit(s), 0 error(s), 1 left on base; Greenville 5 - Los Cabos 3 |
|